 Dungeon Crawl Stone Soup version 0.27-a0-1277-g3808f8b1c9 (webtiles) character file.

Game seed: 2823209481867320127

1409 Johnny the Magician (level 8, -5/76 HPs)
             Began as a Deep Elf Earth Elementalist on June 12, 2021.
             Was a Follower of Dithmenos.
             Slain by an orc warrior (8 damage)
             ... on level 6 of the Dungeon.
             The game lasted 00:07:14 (7101 turns).

Johnny the Magician (Deep Elf Earth Elementalist)   Turns: 7101, Time: 00:07:15

Health: -5/76      AC: 24    Str:  3 (5)  XL:     8   Next: 42%
Magic:  27/30      EV:  2    Int: 22 (23) God:    Dithmenos [*.....]
Gold:   241        SH:  5    Dex: 12 (15) Spells: 15/21 levels left

rFire    . . .     SeeInvis .   y - +2 dagger (venom)
rCold    . . .     Faith    .   (no shield)
rNeg     + + +     Spirit   .   (armour currently unavailable)
rPois    +         Reflect  +   (helmet currently unavailable)
rElec    .         Harm     .   (cloak currently unavailable)
rCorr    .         Rampage  .   (gloves currently unavailable)
Will     +....     NoTele   +   (boots currently unavailable)
Stlth    ++........             x - amulet of reflection
HPRegen  0.22/turn              u - ring of magical power
MPRegen  0.22/turn              (no ring)

@: tree-form, attractive, wreathed by umbra
A: stationary, stasis, torment immunity, boosted hp, (iridescent scales 1),
strong-willed 1
a: Renounce Religion


You were on level 6 of the Dungeon.
You worshipped Dithmenos.
Dithmenos was aware of your devotion.
You were a tree.
You visited 1 branch of the dungeon, and saw 7 of its levels.

You collected 276 gold pieces.
You spent 35 gold pieces at shops.

Inventory:

Hand Weapons
 y - a +2 dagger of venom (weapon)
Missiles
 b - 124 stones
Armour
 c - a +0 robe (melded)
 e - a scarf of shadows (melded)
 h - a +0 buckler
Jewellery
 s - a ring of ice
 u - a ring of magical power (left branch)
 x - an amulet of reflection (around neck)
Wands
 k - a wand of mindburst (11)
 o - a wand of flame (17)
Scrolls
 a - a scroll of vulnerability {unknown}
 g - 2 scrolls of noise {unknown}
 j - 2 scrolls of enchant armour {unknown}
 m - a scroll of amnesia {unknown}
 p - 3 scrolls of identify {unknown}
 q - a scroll of magic mapping {unknown}
 t - a scroll of enchant weapon {unknown}
 v - 2 scrolls of blinking {unknown}
Potions
 i - a potion of degeneration
 n - 2 potions of mutation


   Skills:
 * Level 6.0 Fighting
 - Level 2.4 Dodging
 - Level 2.4 Stealth
 + Level 0.9 Shields
 + Level 7.3 Spellcasting
 - Level 1.1 Transmutations
 + Level 6.5 Earth Magic


You had 15 spell levels left.
You knew the following spells:

 Your Spells              Type           Power      Damage    Failure   Level
a - Sandblast             Erth           72%        2d16      1%          1
b - Stone Arrow           Conj/Erth      44%        3d9       6%          3
c - Passwall              Tmut/Erth      20%        N/A       2%          2

Your spell library contained the following spells:

 Spells                   Type           Power      Damage    Failure   Level
 Lee's Rapid Deconstruct  Erth           18%        3d12*     16%         5
 Petrify                  Tmut/Erth      24%        N/A       17%         4
 Confusing Touch          Hex            8%         N/A       24%         3
 Gell's Gravitas          Tloc           4%         N/A       24%         3
 Yara's Violent Unravell  Hex/Tmut       5%         3d4       87%         5
 Metabolic Englaciation   Hex/Ice        4%         N/A       91%         5


Dungeon Overview and Level Annotations

Branches:
Dungeon (7/15)
 Temple: D:4-7

Altars:
Dithmenos
Elyvilon
Hepliaklqana
Sif Muna
Uskayaw
Wu Jian
Zin

Shops:
D:5 ([(

Annotations:
D:2 Terence


Innate Abilities, Weirdness & Mutations

You are a tree.
Your roots penetrate the ground, keeping you stationary.
You cannot be teleported.
You are immune to unholy pain and torment.
Your maximum health is greatly increased.
Your equipment is partially melded.
((You are partially covered in iridescent scales. (AC +2)))
You are strong-willed. (Will+)


Message History

The orc priest shouts!
The orc priest looks satisfied for a moment.
The orc warrior hits you with a +0 long sword!
Casting: Sandblast (safe; 1% risk of failure)
Confirm with . or Enter, or press ? or * to list all spells.
Aiming: Stone Arrow (dangerous; 6% risk of failure)
Press: ? - help, Shift-Dir - straight line, f/p - orc warrior
Aim: an orc warrior, wielding a +0 long sword and wearing a +0 plate armour (severely wounded, umbra, 71% to hit)
The stone arrow misses the orc warrior.
The orc warrior hits you with a +0 long sword!
* * * LOW HITPOINT WARNING * * *
Okay, then.
You feel better.
The orc warrior hits you with a +0 long sword.
* * * LOW HITPOINT WARNING * * *
The orc priest mumbles some strange prayers to Beogh against you.
Beogh smites you!
* * * LOW HITPOINT WARNING * * *
Unknown command.
The orc wizard mumbles some strange words.
The orc wizard flickers and vanishes!
Deactivating autopickup; reactivate with Ctrl-A.
Okay, then.
It was a potion of mutation.
You feel extremely strange.
You feel strong-willed.
Iridescent scales grow over part of your body.
The orc warrior barely misses you.
It was a potion of degeneration.
There was something very wrong with that liquid.
You feel weakened.
You feel dopey.
You feel clumsy. The orc warrior misses you. The orc priest closely misses you.
It was a potion of lignification.
You turn into a tree.
Your scarf of shadows melds into your body.
Your +0 robe melds into your body.
The dungeon's light returns to normal.
Your roots penetrate the ground.
The orc warrior hits you but does no damage.
It was a potion of attraction.
You feel attractive to monsters.
The orc warrior hits you with a +0 long sword!
You die...

.....#.......## #.....##.o<#
.....##.#....#####....o....#
....###.#....##.###........######
. #.................#..)...## .
.....###...##.##...###......
###...###..##.......##......
##...##{....##....##......
#...o.###o##.............
#.#....#♣....#..#..###...
#.....{oo....#.###.......
#....########### ###.....
##..o##...... #.....#
#.....'...... #....##
#.....#.≈≈≈§≈ #....##
.[......#...... #.....#
...#..#.#.$≈≈≈≈ #.#..##
###..##.#..≈..$ ######


You could see an orc warrior and 2 orc priests.

Vanquished Creatures
  Edmund (D:6)
  A water moccasin (D:6)
  A sky beast (D:5)
  A black bear (D:6)
  2 ice beasts
  An ogre (D:5)
  A centaur (D:6)
  A phantom (D:6)
  A water moccasin skeleton (D:5)
  2 jellies
  3 hounds
  A centaur zombie (D:5)
  An orc priest (D:6)
  A bullfrog skeleton (D:5)
  A centaur skeleton (D:5)
  An iguana (D:5)
  A scorpion zombie (D:5)
  4 orc wizards (D:4)
  5 adders
  An ufetubus (D:6)
  A dart slug (D:1)
  12 orcs
  6 endoplasms
  A giant cockroach (D:2)
  3 goblins
  3 hobgoblins
  2 jackals (D:3)
  5 quokkas
  3 ball pythons (D:4)
  2 bats
  A frilled lizard (D:3)
  3 kobolds
  3 rats
76 creatures vanquished.

Vanquished Creatures (others)
  2 plants (D:4)
2 creatures vanquished.

Grand Total: 78 creatures vanquished

Notes
Turn   | Place    | Note
-------+----------+-------------------------------------------
     0 | D:1      | Johnny the Deep Elf Earth Elementalist began the quest for
                  | the Orb.
     0 | D:1      | Reached XP level 1. HP: 10/10 MP: 6/6
   545 | D:1      | Reached XP level 2. HP: 16/16 MP: 5/8
   727 | D:2      | Reached skill level 1 in Fighting
   876 | D:2      | Reached XP level 3. HP: 20/20 MP: 3/10
   954 | D:2      | Noticed Terence
  1328 | D:3      | Learned a level 2 spell: Passwall
  1378 | D:3      | Found a shadowy altar of Dithmenos.
  1381 | D:3      | Became a worshipper of Dithmenos the Shadowed
  2123 | D:3      | HP: 1/21 [poisoned by an adder]
  2949 | D:4      | Found a glowing silver altar of Zin.
  2952 | D:4      | Found a white marble altar of Elyvilon.
  2952 | D:4      | Found a shimmering blue altar of Sif Muna.
  2956 | D:4      | Found a hide-covered altar of Uskayaw.
  3012 | D:4      | Noticed an ice beast
  3034 | D:5      | Entered Level 5 of the Dungeon
  3042 | D:5      | Noticed a sky beast
  3067 | D:5      | Killed a sky beast
  3068 | D:5      | Reached skill level 4 in Spellcasting
  3068 | D:5      | Reached XP level 4. HP: 9/27 MP: 12/12
  3068 | D:5      | Reached XP level 5. HP: 11/31 MP: 13/13
  3373 | D:5      | Learned a level 3 spell: Stone Arrow
  3520 | D:5      | Reached skill level 5 in Spellcasting
  3520 | D:5      | Reached XP level 6. HP: 30/37 MP: 15/15
  3678 | D:5      | Found Xifatuet's Antique Armour Emporium.
  3678 | D:5      | Found Faolud's Weapon Emporium.
  3722 | D:5      | Found Temotz's Antique Weapon Emporium.
  3722 | D:5      | Found Guthurchoi's Magic Scroll Emporium.
  3724 | D:5      | Noticed an ice beast
  3735 | D:5      | Killed an ice beast
  3736 | D:5      | Reached skill level 5 in Earth Magic
  3985 | D:5      | Bought 10 stones for 11 gold pieces
  3985 | D:5      | Bought 22 stones for 24 gold pieces
  4266 | D:5      | Reached XP level 7. HP: 44/44 MP: 17/17
  5444 | D:4      | Reached skill level 6 in Spellcasting
  5561 | D:4      | Reached * piety under Dithmenos
  5565 | D:4      | Reached skill level 5 in Fighting
  5879 | D:4      | You fall into a shaft and drop 3 floors!
  6229 | D:6      | Reached XP level 8. HP: 34/49 MP: 20/20
  6487 | D:6      | Found a hazy altar of Hepliaklqana.
  6500 | D:6      | Found an ornate altar of the Wu Jian Council.
  6553 | D:6      | Reached skill level 7 in Spellcasting
  6832 | D:6      | Noticed Edmund
  6845 | D:6      | Killed Edmund
  7095 | D:6      | HP: 1/51 [orc priest/divine providence (10)]
  7098 | D:6      | Gained mutation: You are strong-willed. (Will+) [potion of
                  | mutation]
  7098 | D:6      | Gained mutation: You are partially covered in iridescent
                  | scales. (AC +2) [potion of mutation]
  7101 | D:6      | Slain by an orc warrior

Illustrated notes

Levels and vault maps discovered:
D:1:      minmay_arrival_radiant_lines, layout_loops_ring,
          chequers_serial_rivers_large_b
D:2:      layout_loops_ring, uniq_crazy_yiuf_cottage, uniq_terence
D:3:      layout_loops_corners, grunt_dithmenos_smoke_and_mirrors,
          item_on_display_a
D:4:      layout_loops_ring, grunt_temple_overflow_open, serial_bayou_pond_d,
          nrook_mini_backslash
D:5:      layout_gridville, minmay_shop_grid_forest
D:6:      layout_cave_pools, amethyst_overflow_temple_binary,
          minmay_crystal_room, kennysheep_small_spiral,
          kennysheep_generic_room_2, uniq_edmund
D:7:      layout_loops_cross, minmay_temple_entry_waves, uniq_prince_ribbit1,
          uniq_menkaure

Skill      XL: |  1  2  3  4  5  6  7  8 |
---------------+-------------------------+-----
Fighting       | 1 2 3 4 5 6 |  6.0
Spellcasting   | 4 5 6 7 |  7.3
Earth Magic    | 4 5 6 |  6.5
Dodging        | |  2.4
Stealth        | |  2.4
Shields        | |  0.9
Transmutations | |  1.1

Action                   |  1- 3 |  4- 6 |  7- 9 || total
-------------------------+-------+-------+-------++-------
Melee: Staff             |     5 |       |       ||     5
       War axe           |    28 |     5 |    24 ||    57
       Dagger            |       |       |    11 ||    11
 Cast: Sandblast         |    29 |    36 |    58 ||   123
       Passwall          |     2 |       |       ||     2
       Stone Arrow       |       |     1 |    11 ||    12
Evoke: Wand              |       |       |    10 ||    10
  Use: Potion            |     1 |       |     7 ||     8
 Stab: Sleeping          |     6 |       |     2 ||     8
       Paralysed         |       |       |     6 ||     6
Armor: Robe              |     6 |     2 |     6 ||    14
       Skin              |       |       |     1 ||     1
Dodge: Dodged            |    27 |    23 |    42 ||    92
Block: Other             |       |       |     9 ||     9

Table legend: (Time is in decaauts)
 A = Elapsed time spent in this place.
 B = Non-inter-level travel time spent in this place.
 C = Inter-level travel time spent in this place.
 D = Time resting spent in this place.
 E = Time spent auto-exploring this place.
 F = Levels seen in this place.
 G = Mean time per level.
                   A        B        C        D        E       F      G
               +--------+--------+--------+--------+--------+-----+--------+
         Total |   7161 |   6879 |    282 |   1281 |   4658 |   7 | 1023.0 |
       Dungeon |   7161 |   6879 |    282 |   1281 |   4658 |   7 | 1023.0 |
               +--------+--------+--------+--------+--------+-----+--------+

Top non-repeatable levels by time:
     D:5: 1797 daAuts
     D:4: 1615 daAuts
     D:3: 1602 daAuts
     D:6: 864 daAuts
     D:1: 688 daAuts
     D:2: 583 daAuts
     D:7: 8 daAuts
